Map: Frozen Temple

Players

tazarus - Winner!

  • Race: Terran Terran
  • League: Platinum
  • Spawn Location: 5:00

Amix

  • Race: Zerg Zerg
  • League: Platinum
  • Spawn Location: 11:00

VOD

Have the link to the VOD?

Description

Time

  • Played on: Nov. 13, 2016, 7:21 a.m.
  • Length: 27:23
Show
View Real Time Build Order
Export as new Build Order

tazarus Terran - Winner!

Build Orders:  

Get SALT Encoding   

  12  0:01  SCV  
  13  0:13  SCV  
  14  0:25  SCV  
  15  0:32  Supply Depot  
  15  0:54  SCV  
  16  1:01  Barracks  
  16  1:04  Barracks  
  16  1:06  SCV  
  17  1:18  SCV  
  18  1:30  SCV  
  19  1:42  SCV  
  20  1:47  Supply Depot  
  20  1:49  Barracks  
  20  1:50  Marine  
  20  1:52  Marine  
  20  1:53  Barracks  
  22  2:07  Barracks  
  22  2:13  Orbital Command  
  22  2:23  Refinery  
  22  2:26  Marine x2  
  24  2:48  Command Center  
  24  2:54  Marine x2  
  24  2:55  Marine  
  24  2:57  Marine  
  28  3:08  SCV  
  28  3:09  Bunker  
  29  3:20  SCV  
  29  3:25  Refinery  
  30  3:33  SCV  
  31  3:43  Engineering Bay  
  31  3:47  Bunker  
  31  3:53  Supply Depot  
  31  3:57  Marine x3, SCV  
  31  3:58  Marine  
  36  4:21  Planetary Fortress  
  36  4:24  SCV  
  37  4:36  SCV  
  37  4:37  Factory  
  38  4:48  SCV  
  39  4:56  Terran Infantry Weapons Level 1  
  39  5:00  SCV  
  39  5:01  Engineering Bay  
  40  5:13  SCV  
  41  5:17  SCV, Command Center  
  42  5:22  Factory Tech Lab  
  42  5:25  SCV  
  43  5:29  SCV  
  43  5:32  Starport  
  44  5:37  SCV  
  44  5:40  Refinery  
  44  5:41  SCV  
  44  5:42  Refinery  
  46  5:47  Supply Depot  
  46  5:49  SCV, Terran Infantry Armor Level 1  
  47  5:53  SCV  
  47  5:54  Siege Tank  
  51  6:05  SCV  
  51  6:07  Missile Turret  
  52  6:12  Missile Turret  
  52  6:17  SCV  
  53  6:24  Starport Tech Lab  
  53  6:25  Missile Turret  
  53  6:26  Siege Tank  
  53  6:30  SCV  
  57  6:41  Fusion Core  
  57  6:42  SCV  
  57  7:19  Planetary Fortress  
  57  7:22  Cloaking Field  
  57  7:26  Starport  
  57  7:27  SCV  
  58  7:39  SCV  
  59  7:51  SCV  
  60  7:59  Armory  
  60  8:03  Marine x4, SCV  
  65  8:06  SCV  
  66  8:13  Hyperflight Rotors  
  66  8:15  SCV  
  66  8:16  SCV  
  66  8:19  SCV  
  69  8:27  SCV  
  69  8:28  SCV  
  69  8:31  SCV  
  69  8:32  Missile Turret  
  72  8:34  Starport Tech Lab  
  72  8:38  Starport, Banshee  
  72  8:39  SCV  
  72  8:40  SCV  
  77  8:43  SCV  
  78  8:51  SCV  
  78  8:52  SCV  
  78  8:55  SCV  
  81  8:58  Refinery  
  81  9:00  Refinery  
  81  9:03  SCV  
  81  9:04  SCV  
  81  9:07  SCV  
  81  9:08  Missile Turret  
  84  9:14  Supply Depot  
  84  9:15  Terran Vehicle And Ship Armor Level 1  
  84  9:19  SCV  
  84  9:20  Command Center  
  85  9:25  Armory  
  85  9:29  Command Center  
  85  9:33  Starport  
  85  9:34  Building Armor  
  85  9:35  Widow Mine  
  85  9:37  Hi-Sec Auto Tracking  
  87  9:39  Liberator, Starport Reactor  
  87  9:41  Liberator  
  87  9:45  Missile Turret  
  87  9:48  Missile Turret x2  
  93  10:06  Supply Depot  
  93  10:08  Behemoth Reactor  
  93  10:13  Explosive Shrapnel Shells  
  93  10:24  Terran Ship Weapons Level 1, Command Center  
  93  10:27  Widow Mine  
  95  10:37  Mag-Field Accelerator  
  87  10:55  Bunker  
  87  10:56  Widow Mine  
  89  11:07  Planetary Fortress  
  89  11:11  Missile Turret  
  89  11:12  Orbital Command  
  89  11:14  Terran Infantry Weapons Level 2, Terran Vehicle And Ship Armor Level 2  
  89  11:17  Armory  
  89  11:20  Starport Tech Lab  
  88  11:26  Starport  
  88  11:47  SCV, Missile Turret  
  89  11:54  Liberator x2  
  89  11:55  Liberator  
  89  11:59  SCV  
  90  12:08  Planetary Fortress  
  90  12:11  SCV  
  100  12:16  Starport Reactor  
  100  12:19  Terran Vehicle Weapons Level 1  
  100  12:20  Terran Ship Weapons Level 2  
  100  12:23  SCV  
  100  12:29  Supply Depot  
  101  12:34  Refinery  
  101  12:35  SCV  
  101  12:36  Refinery  
  102  12:38  Missile Turret  
  102  12:43  SCV  
  103  12:44  Missile Turret  
  102  12:55  SCV  
  92  13:07  SCV  
  93  13:13  Liberator  
  93  13:14  Liberator x6  
  93  13:19  SCV  
  91  13:31  SCV  
  113  13:36  SCV  
  114  13:42  Terran Vehicle And Ship Armor Level 3  
  115  13:48  SCV  
  115  13:50  Bunker  
  115  13:53  Bunker  
  115  13:54  Bunker  
  115  13:55  Command Center  
  115  14:00  SCV  
  116  14:07  Advanced Ballistics  
  116  14:12  SCV  
  117  14:19  SCV  
  117  14:31  SCV  
  117  14:56  Command Center  
  117  15:02  SCV  
  117  15:03  Command Center  
  118  15:13  Banshee  
  121  15:14  SCV  
  121  15:18  Command Center  
  121  15:19  Supply Depot, Banshee x2  
  121  15:20  Terran Vehicle Weapons Level 2  
  128  15:22  Terran Ship Weapons Level 3  
  128  15:23  Weapon Refit  
  128  15:25  Drilling Claws  
  128  15:26  SCV  
  128  15:27  Widow Mine  
  131  15:35  Starport  
  131  15:37  Terran Infantry Weapons Level 3  
  131  15:38  Terran Infantry Armor Level 2  
  131  15:40  SCV  
  131  15:42  Supply Depot  
  132  15:44  Supply Depot  
  132  15:52  Marine, SCV  
  132  15:56  Widow Mine, Banshee  
  139  16:01  Refinery  
  139  16:03  Banshee  
  142  16:05  Refinery  
  142  16:10  Marine  
  142  16:11  Planetary Fortress, Missile Turret  
  143  16:13  Missile Turret  
  143  16:24  Widow Mine  
  145  16:28  Marine  
  146  16:42  Command Center  
  146  16:46  Marine  
  147  16:53  Widow Mine  
  144  17:16  Missile Turret  
  144  17:23  Missile Turret  
  144  17:31  SCV  
  145  17:43  SCV  
  146  17:47  Starport Tech Lab  
  146  17:53  Starport x2  
  146  17:54  Starport  
  146  17:55  SCV  
  147  18:07  SCV  
  144  18:19  SCV  
  144  18:52  Planetary Fortress  
  144  18:56  Terran Vehicle Weapons Level 3, Missile Turret  
  144  19:18  Missile Turret  
  144  19:22  Starport Tech Lab  
  144  19:23  Command Center, Starport Tech Lab x2  
  143  20:10  Liberator x4  
  140  20:23  Command Center  
  140  20:25  Banshee x4  
  140  20:26  Banshee x3  
  173  20:37  SCV  
  174  20:49  SCV  
  175  20:51  Liberator  
  174  21:01  SCV  
  174  21:02  SCV  
  176  21:07  Refinery  
  176  21:08  Banshee x2  
  176  21:21  Command Center  
  176  21:23  Command Center  
  173  21:28  SCV, Banshee  
  173  21:30  Banshee  
  173  21:31  Supply Depot  
  171  21:40  SCV  
  168  21:52  SCV  
  169  22:05  SCV  
  170  22:11  Planetary Fortress  
  164  22:54  Banshee x3  
  164  22:55  Banshee x4  
  185  23:34  Supply Depot  
  185  23:37  Banshee x2  
  191  23:41  Supply Depot  
  153  25:33  Liberator x3  
  153  25:34  Liberator x3  
  153  25:36  Command Center  
  153  25:49  Banshee x4  
  179  26:04  Supply Depot  
  172  26:44  Planetary Fortress  
  172  26:52  Command Center  
Show
View Real Time Build Order
Export as new Build Order

Amix Zerg 

Build Orders: Hatch First, Zergling Baneling 

Get SALT Encoding   

  12  0:01  Drone  
  13  0:12  Overlord  
  13  0:17  Drone  
  14  0:32  Drone x2  
  14  0:34  Drone  
  17  0:54  Hatchery  
  17  0:56  Drone  
  17  1:02  Drone, Extractor  
  17  1:07  Drone  
  18  1:27  Spawning Pool  
  18  1:28  Drone x2  
  19  1:45  Drone  
  20  1:53  Drone  
  21  2:01  Overlord  
  21  2:05  Drone  
  22  2:14  Metabolic Boost  
  22  2:15  Queen  
  24  2:16  Queen  
  24  2:17  Drone  
  24  2:21  Drone  
  28  2:31  Baneling Nest  
  28  2:33  Extractor  
  26  2:45  Spine Crawler x2  
  26  2:50  Spine Crawler  
  23  3:13  Spine Crawler  
  23  3:17  Zergling x10  
  27  3:24  Zergling x2  
  28  3:34  Zergling x4  
  28  3:35  Zergling x4  
  32  3:43  Overlord  
  32  3:58  Baneling x2  
  32  3:59  Baneling x6  
  32  4:00  Baneling  
  30  4:15  Drone x3  
  32  4:27  Drone x3  
  35  4:42  Lair  
  36  4:45  Drone x2  
  37  5:08  Drone x6  
  37  5:12  Extractor  
  37  5:13  Drone  
  37  5:14  Extractor  
  42  5:15  Overlord  
  42  5:28  Drone  
  43  5:31  Baneling x3  
  43  5:32  Baneling  
  43  5:33  Queen  
  43  5:34  Overlord  
  45  5:43  Drone x5  
  50  5:59  Drone x4  
  50  6:00  Nydus Network  
  53  6:30  Zergling x12  
  59  6:41  Nydus Canal  
  59  6:47  Pneumatized Carapace  
  59  6:53  Overlord x5  
  55  7:17  Zergling x14  
  62  7:38  Hatchery  
  62  7:44  Hatchery  
  59  8:17  Evolution Chamber  
  58  8:20  Evolution Chamber, Roach Warren  
  56  8:46  Zerg Ground Armor Level 1, Zerg Missile Weapons Level 1  
  56  8:48  Drone  
  56  8:49  Drone x5  
  56  8:55  Queen  
  62  8:56  Queen  
  62  9:01  Drone x3  
  69  9:13  Roach x5  
  69  9:14  Roach x3  
  85  9:18  Glial Reconstitution  
  85  9:21  Centrifical Hooks  
  85  9:45  Baneling x6  
  85  9:46  Baneling x9  
  85  9:47  Baneling x2  
  85  9:53  Queen x4  
  85  9:56  Roach x9  
  85  9:58  Overseer  
  111  10:19  Overlord x3  
  111  10:20  Overlord x4  
  111  10:37  Queen  
  108  10:52  Zergling x18  
  108  10:53  Zergling x18  
  108  10:54  Zergling x6  
  128  11:07  Zergling x14  
  135  11:12  Zerg Missile Weapons Level 2  
  135  11:26  Roach x2, Zergling x2  
  135  11:27  Roach x3  
  146  11:36  Overlord  
  146  11:37  Overlord x2  
  145  11:44  Drone x2  
  145  11:45  Drone x3  
  150  12:21  Drone x3, Extractor  
  150  12:22  Drone x7, Extractor  
  159  12:25  Drone x6  
  159  12:26  Drone x2  
  93  13:25  Roach x7  
  93  13:26  Roach x9  
  93  13:27  Roach x9  
  125  13:28  Roach x3  
  141  13:47  Zergling x14  
  141  13:48  Zergling x18  
  155  13:49  Zergling x2  
  155  13:52  Zerg Ground Armor Level 2, Hatchery  
  155  13:53  Zerg Melee Weapons Level 1  
  157  14:05  Extractor  
  157  14:06  Extractor  
  155  14:29  Drone, Overlord x5  
  155  14:30  Overlord x4  
  132  14:58  Hydralisk Den  
  131  15:00  Spore Crawler  
  131  15:01  Spore Crawler  
  131  15:02  Spore Crawler, Zergling x6  
  131  15:03  Zergling x18  
  131  15:04  Zergling x18  
  131  15:05  Zergling x2  
  150  15:09  Spore Crawler  
  150  15:11  Spore Crawler  
  150  15:13  Spore Crawler  
  147  15:14  Spore Crawler x2  
  147  15:16  Spore Crawler  
  147  15:17  Spore Crawler  
  147  15:20  Roach x8  
  159  15:36  Drone x6  
  159  15:41  Ravager x5  
  159  15:42  Ravager x8  
  180  15:43  Ravager x4  
  182  15:50  Hydralisk x2  
  182  15:52  Hydralisk  
  188  16:05  Infestation Pit  
  175  16:30  Extractor  
  175  16:31  Extractor  
  175  16:32  Hydralisk x7  
  171  16:33  Hydralisk x5  
  193  16:41  Baneling  
  193  16:42  Baneling x13  
  193  16:43  Baneling  
  193  16:44  Baneling  
  193  16:45  Baneling  
  192  17:07  Hydralisk x6  
  192  17:08  Hydralisk x2  
  200  17:13  Muscular Augments  
  200  17:47  Zerg Melee Weapons Level 2  
  200  17:50  Hive  
  113  18:22  Ravager  
  94  18:33  Hydralisk x12  
  94  18:34  Hydralisk x14  
  127  18:50  Roach x6  
  127  18:51  Roach x3  
  145  19:36  Roach x9  
  145  19:37  Roach x10  
  145  19:38  Roach x2  
  187  19:51  Zerg Ground Armor Level 3  
  157  20:19  Hydralisk x4  
  157  20:20  Hydralisk x4  
  167  20:22  Zergling x2  
  167  20:23  Zergling x10  
  173  20:44  Hatchery  
  118  21:47  Hydralisk x9  
  110  21:48  Hydralisk x10  
  110  21:49  Hydralisk  
  148  22:07  Drone x4  
  148  22:08  Drone x4  
  156  22:23  Extractor  
  156  22:24  Extractor  
  152  22:34  Overseer  
  152  22:35  Overseer x4  
  142  23:04  Hydralisk x6  
  142  23:05  Hydralisk x4  
  162  23:24  Hydralisk x2  
  162  23:25  Hydralisk x3  
  106  25:36  Spawning Pool  
Tags
 
Add a new tag
Caveats
  • Supply blocks, unpowered buildings, or Contaminate may cause inaccurate times.
  • Supply counts are checked every 10 seconds.